 Dungeon Crawl Stone Soup version 0.29.1-15-g9cfb28693d (webtiles) character file.

Game seed: 740766400519706161

20349 SuperSeabass the Thaumaturge (level 13, -3/97 HPs)
             Began as a Djinni Air Elementalist on Mar 22, 2023.
             Was a High Priest of Dithmenos.
             Killed by miscasting Fireball (9 damage)
             ... in a Gauntlet on Mar 23, 2023.
             The game lasted 01:32:39 (15749 turns).

SuperSeabass the Thaumaturge (DjAE)                Turns: 15749, Time: 01:32:39

Health: -3/97      AC: 12    Str:  5    XL:     13   Next: 11%
Gold:   451        EV: 12    Int: 22    God:    Dithmenos [*****.] SH:  0 Dex: 14

rFire   + + +      SeeInvis .   a - staff of fire
rCold   + + +      Faith    .   (no shield)
rNeg    . . .      Spirit   .   C - +0 ring mail {rC+}
rPois   ∞          Reflect  .   U - +1 helmet
rElec   .          Harm     .   y - +1 cloak
rCorr   .          Rampage  .   l - +2 pair of gloves
Will    ++...      NoTele   +   (boots unavailable)
Stlth   +++.......              J - amulet of regeneration
HPRegen 1.06/turn               W - ring of willpower
MPRegen 0.00/turn               v - ring of Iny Hil {rPois rC+++ MP+9 Str-2}

@: flying, very slightly contaminated, wreathed by umbra
A: sickness immunity, fire resistance 2, cold vulnerability 1, float, innate
caster, HP casting, extra vitality 1
a: Renounce Religion, Shadow Step, Shadow Form


You were in a Gauntlet.
You worshipped Dithmenos.
Dithmenos was extremely pleased with you.
You visited 3 branches of the dungeon, and saw 15 of its levels.
You also visited: Gauntlet.

You collected 647 gold pieces.
You spent 196 gold pieces at shops.

Inventory:

Hand Weapons
 b - a +4 spear
 h - a +0 antimagic dagger
 s - a +1 dagger of protection
Missiles
 j - a throwing net
 B - 14 boomerangs
 F - 3 boomerangs of dispersal
 L - 38 poisoned darts
Armour
 d - a +0 buckler
 g - the +1 scale mail of the Evil One {rN++ Will+++ Str-3}
   (You found it on level 1 of the Lair of Beasts)

   Str:       It affects your strength (-3).
   rN:        It greatly protects you from negative energy.
   Will:      It greatly increases your willpower.
 l - a +2 pair of gloves (worn)
 r - +0 steam dragon scales
 y - a +1 cloak (worn)
 C - a +0 ring mail of cold resistance (worn)
 E - +0 acid dragon scales
 U - a +1 helmet (worn)
Magical Staves
 a - a staff of fire (weapon)
 z - a staff of death
Jewellery
 v - the ring of Iny Hil (right hand) {rPois rC+++ MP+9 Str-2}
   (You found it in a Gauntlet)

   [ring of magical power]

   Str:       It affects your strength (-2).
   rC:        It renders you almost immune to cold.
   rPois:     It protects you from poison.
   MP:        It affects your magic capacity (+9).
 D - a +6 ring of dexterity
 H - a ring of protection from fire
 J - an amulet of regeneration (around neck)
 K - a +4 ring of slaying
 N - a ring of positive energy
 T - the ring of Shadows {Umbra +Inv Stlth+}
   (You found it in a Gauntlet)

   [ring of stealth]

   It surrounds you with an aura of shadow, increasing your stealth and reducing
   the accuracy of all others within it.
   +Inv:      It lets you turn invisible.
   Stlth:     It makes you more stealthy.
 W - a ring of willpower (left hand)
Wands
 c - a wand of charming (18)
 f - a wand of flame (18)
 i - a wand of iceblast (7)
 m - a wand of mindburst (5)
 p - a wand of polymorph (5)
Scrolls
 k - 4 scrolls of immolation
 q - 3 scrolls of teleportation
 u - 2 scrolls of vulnerability
 A - a scroll of fog
 I - a scroll of noise
 O - a scroll of brand weapon {unknown}
 Q - a scroll of enchant weapon {unknown}
 R - a scroll of torment {unknown}
 S - a scroll of blinking {unknown}
 V - 2 scrolls of silence
Potions
 e - a potion of mutation
 n - 5 potions of ambrosia
 o - 2 potions of cancellation
 t - 4 potions of attraction
 w - 8 potions of curing
 x - 2 potions of brilliance
 G - a potion of might
 M - 2 potions of lignification


   Skills:
 + Level 10.7 Fighting
 + Level 1.8 Armour
 + Level 9.8 Dodging
 - Level 4.0 Stealth
 - Level 5.0 Shields
 * Level 11.3 Spellcasting


You had 4 spell levels left.
You knew the following spells:

 Your Spells              Type           Power      Damage    Failure   Level
a - Airstrike             Air            29%        2d(5-21)  2%          4
d - Static Discharge      Conj/Air       58%        3-11/arc  1%          2
f - Fireball              Conj/Fire      38%        3d16      6%          5
h - Hailstorm             Conj/Ice       58%        3d13      2%          4
i - Ignite Poison         Fire/Tmut/Pois 76%        N/A       1%          3
s - Sting                 Tmut/Pois      100%       1d8       1%          1
z - Shock                 Conj/Air       100%       1d9       1%          1
A - Agony                 Necr           58%        N/A       6%          5
B - Blink                 Tloc           100%       N/A       1%          2
R - Swiftness             Air            58%        N/A       1%          3
Your spell library was empty.

Dungeon Overview and Level Annotations

Branches:
Dungeon (11/15)            Temple (1/1) D:5            Lair (3/5) D:10
 Shoals (0/4) Lair:3       Spider (0/4) Lair:3          Orc (0/2) D:11
Gauntlet (1/1)

Altars:
Ashenzari
Cheibriados
Dithmenos
Elyvilon
Fedhas
Gozag
Hepliaklqana
Makhleb
Nemelex Xobeh
Okawaru
Qazlal
Ru
Trog
Uskayaw
Wu Jian
Xom
Yredelemnul
Zin
The Shining One

Shops:
D:2 *   D:4 (   D:6 *

Annotations:
Gauntlet 6 transporters, exclusion: oklob plant


Innate Abilities, Weirdness & Mutations

You are immune to sickness and miasma.
You are immune to poison.
Your flesh is very heat resistant. (rF++)
You are vulnerable to cold. (rC-)
You float through the air rather than walking.
You learn spells naturally, not from books.
Your magical power is your life essence.
You have superior vitality. (+4 MHP)


Message History

Okay, then.
Unknown command.
As you read the scroll of fear, it crumbles to dust.
You assume a fearsome visage.
The minotaur easily resists.
The minotaur barely misses you.
The minotaur gores you but does no damage.
As you read the scroll of fear, it crumbles to dust.
You assume a fearsome visage.
The minotaur resists with almost no effort.
The minotaur hits you but does no damage.
The minotaur gores you!
* * * LOW HITPOINT WARNING * * *
Casting: Static Discharge (safe; 1% risk of failure)
Confirm with . or Enter, or press ? or * to list all spells.
You blink.
* * * LOW HITPOINT WARNING * * *
The minotaur throws a silver javelin.
The silver javelin barely misses you.
Okay, then.
Okay, then.
You start resting.
A minotaur is nearby!
Casting: Blink (safe; 1% risk of failure)
Confirm with . or Enter, or press ? or * to list all spells.
Aiming: Fireball (dangerous; 6% risk of failure)
Press: ? - help, Shift-Dir - straight line, f - minotaur
Aim: a minotaur, wielding a staff of earth, wearing a +0 chain mail, wearing the ring "Jufarr" {Wiz *Corrode rPois Int+3 Dex+4} and quivering silver javelins (severely wounded, umbra)
You feel a surge of power!
The fireball explodes!
The fireball engulfs the minotaur!
The minotaur is severely wounded.
Your shadow mimicks your spell!
The shadow shard hits the minotaur!!
* * * LOW HITPOINT WARNING * * *
Casting: Fireball (dangerous; 6% risk of failure)
Confirm with . or Enter, or press ? or * to list all spells.
Aiming: Fireball (dangerous; 6% risk of failure)
Press: ? - help, Shift-Dir - straight line, f/p - minotaur
Aim: a minotaur, wielding a staff of earth, wearing a +0 chain mail, wearing the ring "Jufarr" {Wiz *Corrode rPois Int+3 Dex+4} and quivering silver javelins (almost dead, umbra)
You feel a surge of power!
You miscast Fireball.
A wave of violent energy washes through your body!
You die...

.....#.....8.#......#.H....⌠+
.#########...#.©.##.#§#
.###.....#.∩.#...##...#
.####.##[#...#.8.##.#.#
.#2...##.#..##......#.#
©#.#.©.#©#.###.8H##.#.#
##.##..!}#.≈##...##...#
.#.##.####.≈≈#.8.######
.#2....###.≈##..@#
.#########.#######
...........≈# ≈#≈≈≈#≈≈≈#≈≈≈#
###≈###≈###≈## # ### ### ##


You could see a minotaur.

Vanquished Creatures
  4 two-headed ogres
  A cyclops (D:11)
  A smoke demon (Gauntlet)
  2 black mambas (Lair:2)
  2 cane toads (Lair:1)
  4 komodo dragons
  A red devil (Gauntlet)
  3 meliai (Gauntlet)
  4 trolls
  9 blink frogs (Lair:1)
  2 wyverns (D:10)
  A shadow (D:9)
  19 yaks
  2 basilisks
  Menkaure (D:5)
  2 swamp worms (Gauntlet)
  7 water moccasins
  2 ice beasts
  5 black bears
  5 orc warriors
  4 sky beasts
  8 ogres
  4 wolves
  4 centaurs
  A phantom (D:5)
  5 kobold brigands
  7 bullfrogs
  3 scorpions
  8 gnoll sergeants
  A necrophage (D:6)
  5 wights (D:9)
  25 killer bees
  A howler monkey (D:5)
  An electric eel (D:7)
  2 crimson imps (Gauntlet)
  3 gnoll boudas
  A jelly (D:5)
  6 orc priests
  2 hounds
  6 iguanas
  5 hell rats (Lair:2)
  10 orc wizards
  31 gnolls
  8 adders
  An ufetubus (D:6)
  2 worms
  3 dart slugs
  38 orcs
  5 ball pythons
  5 bats
  6 endoplasms
  5 giant cockroaches
  6 goblins
  8 hobgoblins
  2 jackals (D:4)
  6 quokkas
  2 frilled lizards
  22 kobolds
  2 rats (D:2)
  A butterfly (D:10)
342 creatures vanquished.

Vanquished Creatures (others)
  6 fungi
  24 plants
30 creatures vanquished.

Grand Total: 372 creatures vanquished

Notes
Turn   | Place    | Note
-------+----------+-------------------------------------------
     0 | D:1      | SuperSeabass the Djinni Air Elementalist began the quest
                  | for the Orb.
     0 | D:1      | SuperSeabass set off with the following spells memorised:
                  | Shock, Static Discharge, Swiftness, Airstrike.
     0 | D:1      | Reached XP level 1. HP: 15/15 MP: 0/0
   361 | D:1      | Reached XP level 2. HP: 17/22 MP: 0/0
   453 | D:1      | Reached skill level 1 in Fighting
   823 | D:1      | Found a faded altar of an unknown god.
   979 | D:1      | Reached XP level 3. HP: 22/27 MP: 0/0
   979 | D:1      | Learned a level 1 spell: Sting
  1402 | D:2      | Identified the +0 robe of Gezip {rPois}
  1440 | D:2      | Found Johu's General Store.
  1488 | D:2      | Reached skill level 3 in Spellcasting
  1769 | D:2      | Reached XP level 4. HP: 28/33 MP: 0/0
  3105 | D:3      | Reached XP level 5. HP: 34/39 MP: 0/0
  3105 | D:3      | Learned a level 2 spell: Blink
  3271 | D:3      | Found a broken altar of Ashenzari.
  3848 | D:3      | Reached skill level 4 in Spellcasting
  3938 | D:4      | Reached XP level 6. HP: 34/46 MP: 0/0
  4037 | D:4      | Found an ornate altar of the Wu Jian Council.
  4430 | D:4      | Found Koiful's Antique Weapon Shoppe.
  4621 | D:4      | You are sucked into a shaft and drop 1 floor!
  4621 | D:5      | Entered Level 5 of the Dungeon
  4776 | D:5      | Noticed Menkaure
  4818 | D:5      | Noticed an ice beast
  4851 | D:5      | Reached XP level 7. HP: 38/51 MP: 0/0
  4851 | D:5      | Learned a level 3 spell: Ignite Poison
  4853 | D:5      | Reached skill level 5 in Spellcasting
  5352 | D:5      | Killed Menkaure
  5353 | D:5      | Reached XP level 8. HP: 27/58 MP: 0/0
  5559 | D:5      | Reached skill level 5 in Fighting
  5585 | D:5      | Found a glowing golden altar of the Shining One.
  5642 | D:5      | Found a staircase to the Ecumenical Temple.
  5650 | Temple   | Entered the Ecumenical Temple
  5650 | Temple   | Found a transporter.
  5650 | Temple   | Found a transporter.
  5652 | Temple   | Found a transporter.
  5652 | Temple   | Found a transporter.
  5699 | Temple   | Became a worshipper of Dithmenos the Shadowed
  5831 | D:4      | Found a sacrificial altar of Ru.
  5837 | D:4      | Reached skill level 6 in Spellcasting
  6601 | D:5      | Found a hazy altar of Hepliaklqana.
  6916 | D:5      | Reached * piety under Dithmenos
  6917 | D:5      | Reached XP level 9. HP: 54/66 MP: 0/0
  6917 | D:5      | Learned a level 4 spell: Hailstorm
  7247 | D:6      | Reached skill level 7 in Spellcasting
  7601 | D:6      | Found Esirch's General Store.
  7604 | D:6      | Bought a +0 ring mail of cold resistance for 154 gold
                  | pieces
  7604 | D:6      | Bought a potion of curing for 42 gold pieces
  8363 | D:7      | Reached skill level 8 in Spellcasting
  8416 | D:7      | Found a hide-covered altar of Uskayaw.
  8566 | D:7      | Found a blossoming altar of Fedhas.
  8708 | D:8      | Reached XP level 10. HP: 57/75 MP: 0/0
  8923 | D:8      | Reached ** piety under Dithmenos
  8926 | D:8      | Reached skill level 5 in Dodging
  9351 | D:8      | Noticed a two-headed ogre
  9367 | D:8      | Killed a two-headed ogre
 10318 | D:8      | Found a burning altar of Makhleb.
 10319 | D:8      | Found an iron altar of Okawaru.
 10929 | D:9      | Reached skill level 9 in Spellcasting
 11256 | D:9      | Noticed a two-headed ogre
 11261 | D:9      | Killed a two-headed ogre
 11261 | D:9      | Reached *** piety under Dithmenos
 11262 | D:9      | Reached XP level 11. HP: 70/82 MP: 0/0
 11262 | D:9      | Learned a level 5 spell: Fireball
 11696 | D:10     | Entered Level 10 of the Dungeon
 11720 | D:10     | Noticed a two-headed ogre
 11726 | D:10     | Killed a two-headed ogre
 12068 | D:10     | Found a bloodstained altar of Trog.
 12087 | D:10     | Reached skill level 1 in Shields
 12128 | D:10     | Found a staircase to the Lair.
 12435 | D:10     | Found a shimmering altar of Xom.
 12993 | D:11     | Identified the +8 battleaxe "Grim Tooth" {antimagic,
                  | Fragile rF++ Dex+2 SInv}
 13035 | D:11     | Noticed a cyclops
 13093 | D:11     | Killed a cyclops
 13105 | D:11     | Noticed a two-headed ogre
 13122 | D:11     | Reached **** piety under Dithmenos
 13123 | D:11     | Reached skill level 10 in Spellcasting
 13149 | D:11     | Killed a two-headed ogre
 13263 | D:11     | Reached XP level 12. HP: 78/90 MP: 0/0
 13489 | D:11     | Found a staircase to the Orcish Mines.
 13605 | Lair:1   | Entered Level 1 of the Lair of Beasts
 13701 | Lair:1   | Reached skill level 10 in Fighting
 13945 | Lair:1   | Reached ***** piety under Dithmenos
 14155 | Lair:1   | Identified the +1 leather armour of the Big Bang {Contam
                  | rN++}
 14179 | Lair:1   | Identified the +1 scale mail of the Evil One {rN++ Will+++
                  | Str-3}
 14204 | Lair:1   | Reached skill level 11 in Spellcasting
 14745 | Lair:2   | Reached skill level 5 in Shields
 14856 | Lair:2   | Found an ornate altar of the Wu Jian Council.
 15004 | Lair:2   | Reached XP level 13. HP: 90/97 MP: 0/0
 15004 | Lair:2   | Learned a level 5 spell: Agony
 15417 | Lair:3   | Found a gate leading to a gauntlet.
 15426 | Lair:3   | Noticed a boulder beetle
 15430 | Gauntlet | Entered a Gauntlet
 15430 | Gauntlet | Found a transporter.
 15430 | Gauntlet | Found a transporter.
 15432 | Gauntlet | Found a transporter.
 15432 | Gauntlet | Found a transporter.
 15436 | Gauntlet | Found a transporter.
 15436 | Gauntlet | Found a transporter.
 15468 | Gauntlet | Found a transporter.
 15470 | Gauntlet | Found the ring of Shadows {Umbra +Inv Stlth+}
 15472 | Gauntlet | Found a transporter.
 15483 | Gauntlet | Found a transporter.
 15496 | Gauntlet | Found a transporter.
 15497 | Gauntlet | Noticed a cacodemon
 15511 | Gauntlet | Found a transporter.
 15515 | Gauntlet | Found a transporter.
 15581 | Gauntlet | Reached skill level 1 in Armour
 15589 | Gauntlet | Identified the ring of Iny Hil {rPois rC+++ MP+9 Str-2}
 15735 | Gauntlet | Identified the ring "Jufarr" {Wiz *Corrode rPois Int+3
                  | Dex+4}
 15735 | Gauntlet | Noticed a minotaur
 15749 | Gauntlet | Killed by miscasting Fireball

Illustrated notes

Levels and vault maps discovered:
D:1:      ncdulo_wetmaze, layout_loops_ring,
          hellmonk_ecumenical_altar_inner_sanctum, hangedman_decor_riveting
D:2:      layout_basic, serial_shops, nicolae_shop_behind_doors,
          minmay_pentomino_u4
D:3:      layout_rooms, amcnicky_altar_gilded, serial_curves, eino_curves_03,
          eino_curves_03, eino_curves_04
D:4:      layout_basic, nicolae_ru_sacrificial_ziggurat,
          mainiacjoe_overflow_24_doors, serial_shops, nicolae_shop_statue_plus
D:5:      layout_basic, lemuel_doored_altar, tso_metal_star,
          minmay_temple_entry_overgrown, uniq_menkaure
D:6:      layout_cave_pools, serial_shops, kennysheep_mini_moat
D:7:      layout_loops_ring, fedhas_altar_1, lemuel_tele_altar, lightli_minifort
D:8:      layout_cave_pools, amethyst_overflow_temple_binary
D:9:      layout_basic
D:10:     layout_stronghold, bloody_trog, xom_butterflies,
          minmay_lair_entry_grove
D:11:     layout_rooms, kennysheep_orc_monster_closet_entryway,
          lightli_orcish_oven
Temple:   hellmonk_temple_divided_pantheon
Lair:1:   layout_big_grid, beast_lair_carwin_11, grunt_megastairs_3,
          infiniplex_staircase_pool_2
Lair:2:   layout_chaotic_city, basic_altar, serial_bayou_pond_c, minivault_23,
          dreamdust_gnoll_shepherd
Lair:3:   layout_loops_ring, minmay_shoals_entry_lonely_mermaid,
          nicolae_spider_entry_tight_spaces, gauntlet_entry_generic,
          serial_bayou_shore_b, grunt_megastairs_5, lemuel_fruit_fields
Gauntlet: minmay_gauntlet_77_indecision [minmay_gauntlet_arena_77_museum,
          minmay_gauntlet_arena_77_block_sizes, minmay_gauntlet_arena_77_braids,
          minmay_gauntlet_arena_77_broken_ladder,
          minmay_gauntlet_arena_77_p_blocks,
          minmay_gauntlet_arena_77_double_cross, gauntlet_exit_hidden_loot]

Skill      XL: |  1  2  3  4  5  6  7  8  9 10 11 12 13 |
---------------+----------------------------------------+-----
Fighting       | 1 2 3 4 6 7 8 9 10 | 10.7
Spellcasting   | 3 4 5 6 8 9 10 11 | 11.3
Dodging        | 4 7 8 9 |  9.8
Stealth        | 2 4 |  4.0
Shields        | 2 5 |  5.0
Armour         | 1 |  1.8

Action                   |  1- 3 |  4- 6 |  7- 9 | 10-12 | 13-15 || total
-------------------------+-------+-------+-------+-------+-------++-------
Melee: Dagger            |       |     1 |     7 |       |       ||     8
       Spear             |       |       |    11 |    73 |       ||    84
       Staff             |       |       |       |     8 |       ||     8
Throw: Dart              |       |       |       |     1 |       ||     1
 Cast: Shock             |    64 |    91 |   107 |   103 |       ||   365
       Static Discharge  |     1 |    20 |    29 |    89 |     8 ||   147
       Swiftness         |       |     1 |     1 |       |       ||     2
       Sting             |       |       |    19 |    10 |       ||    29
       Ignite Poison     |       |       |     7 |     2 |       ||     9
       Airstrike         |       |       |     3 |    17 |       ||    20
       Hailstorm         |       |       |     1 |     4 |       ||     5
       Blink             |       |       |       |     4 |     1 ||     5
       Fireball          |       |       |       |    67 |     5 ||    72
Evoke: Wand              |       |       |       |     2 |       ||     2
  Use: Scroll            |       |       |    10 |    11 |     4 ||    25
       Potion            |       |       |     1 |     1 |       ||     2
 Stab: Sleeping          |       |       |     1 |     1 |       ||     2
Armor: Robe              |     2 |     4 |       |       |       ||     6
       Steam dragon scal |       |     3 |    12 |       |       ||    15
       Ring mail         |       |       |     5 |    58 |    10 ||    73
Dodge: Dodged            |     6 |    11 |    36 |   132 |    10 ||   195
